 Dungeon Crawl Stone Soup version 0.18.1-50-g88ac8fd (console) character file.

58847 Kloppie the Impaler (level 14, -4/123 HPs)
             Began as a Merfolk Berserker on Oct 6, 2016.
             Was a High Priest of Trog.
             Slain by a death yak (14 damage)
             ... on level 8 of the Lair of Beasts.
             The game lasted 00:39:10 (23050 turns).

Kloppie the Impaler (Merfolk Berserker)            Turns: 23050, Time: 00:39:10

Health: -4/123     AC: 12    Str: 18    XL:     14   Next: 92%
Magic:  4/4        EV: 12    Int:  6    God:    Trog [*****.]
Gold:   1948       SH:  0    Dex: 20    Spells: 0 memorised, 13 levels left

rFire  + . .     SeeInvis .     b - +4 trident (antimagic)
rCold  . . .     Gourm    +     E - +0 ring mail of the Fifty Gods {rF+ rCorr Dex+2}
rNeg   . . .     Faith    .     D - +0 buckler
rPois  +         Spirit   .     (no helmet)
rElec  .         Dismiss  .     l - +1 cloak {+Inv}
rCorr  +         Reflect  .     s - +0 pair of gloves
SustAt .         Harm     .     J - +1 pair of boots
MR     ++++.                    I - amulet of the gourmand
Stlth  +.........               H - ring of protection from magic
                                O - ring of poison resistance

@: exhausted, petrifying, regenerating, slowed, very slow, incredibly resistant
to hostile enchantments, very unstealthy
A: change form in water, swift swim
a: Berserk, Trog's Hand, Brothers in Arms, Burn Spellbooks, Renounce Religion,
Evoke Invisibility


You were on level 8 of the Lair of Beasts.
You worshipped Trog.
Trog was extremely pleased with you.
You were full.

You visited 3 branches of the dungeon, and saw 22 of its levels.

You collected 1948 gold pieces.

Inventory:

Hand Weapons
 a - a +0 trident of flaming
 b - a +4 antimagic trident (weapon)
 p - a +1 bardiche of protection
 y - a +2 spear
Armour
 l - a +1 cloak of invisibility (worn)
 s - a +0 pair of gloves (worn)
 D - a +0 buckler (worn)
 E - the +0 ring mail of the Fifty Gods (worn) {rF+ rCorr Dex+2}
   (You found it on level 1 of the Lair of Beasts)

   It affects your dexterity (+2).
   It protects you from fire.
   It protects you from acid and corrosion.
 J - a +1 pair of boots (worn)
Jewellery
 m - an uncursed ring of sustain attributes
 o - an uncursed ring of ice
 H - a ring of protection from magic (right hand)
 I - an amulet of the gourmand (around neck)
 O - a ring of poison resistance (left hand)
Wands
 A - a wand of flame (12/48)
 C - a wand of digging (20/24)
Scrolls
 f - a scroll of teleportation
 h - 14 scrolls of remove curse
 q - 2 scrolls of fog
 t - 2 scrolls of fear
 x - 2 scrolls of enchant armour
 R - a scroll of blinking
Potions
 d - 3 potions of flight
 e - a potion of berserk rage
 g - 9 potions of curing
 k - a potion of agility
 r - a potion of beneficial mutation {unknown}
 w - 3 potions of cancellation
 z - 4 potions of heal wounds
 F - a potion of invisibility {unknown}
 G - 2 potions of haste
 P - a potion of cure mutation {unknown}
Comestibles
 c - 12 bread rations
 i - 11 slices of pizza
 j - 11 meat rations
 n - 9 beef jerkies
 v - a royal jelly
 B - 4 fruits


   Skills:
 - Level 15.3 Fighting
 + Level 19.7 Polearms
 - Level 6.8 Armour
 - Level 15.6 Dodging
 - Level 4.0 Shields


You had 13 spell levels left.
You didn't know any spells.

Dungeon Overview and Level Annotations

Branches:
Dungeon (12/15)            Temple (0/1) D:5            Lair (8/8) D:10
 Shoals (0/4) Lair:3       Spider (0/4) Lair:3        Slime (0/6) Lair:6
    Orc (2/2) D:9
    Elf: Orc:2

Altars:
Ashenzari
Cheibriados
Fedhas
Kikubaaqudgha
Okawaru
Ru
Sif Muna
Yredelemnul
The Shining One


Message History

* * * LOW HITPOINT WARNING * * *
The blink frog hits you.
* * * LOW HITPOINT WARNING * * *
The worm bites you.
* * * LOW HITPOINT WARNING * * *
The catoblepas breathes a plume of calcifying dust at you.
The blast of calcifying dust hits you!
* * * LOW HITPOINT WARNING * * *
The blast of calcifying dust hits the worm.
Read which item? (? for menu, Esc to quit)
As you read the scroll of fear, it crumbles to dust.
You assume a fearsome visage.
The blink frog looks frightened!
The death yak resists with almost no effort.
The blink frog looks frightened! x2
The catoblepas resists with almost no effort.
The blink frog easily resists.
The death yak easily resists. x2
The worm looks frightened! x3; The death yak is no longer petrified.
The worm is no longer petrified.
The blink frog blinks! x3
The death yak gores you!!
You die...

.......##.............####
#.....#......F.........#
###..#..............####
!.............F....P.##
P.....................##
PP....P................#
P....P.................##
P.............§Y§.......###
PP............FY@.......#.###
P...P§.......†wYYw.........P#
...............w..§.........##
...FY.............§........#.#
..F..........................#
.............................#
.............................#
.........PP..................#
.........PP#.................##


You could see 3 death yaks, a catoblepas, 3 blink frogs and 3 worms.

Vanquished Creatures
  The ghost of ayyllmao the Severer, a journeyman HOBe of Trog (D:12)
  Josephine (Lair:5)
  5 hydras
  A catoblepas (Lair:8)
  12 death yaks
  2 unseen horrors
  An orc knight (Orc:1)
  Pikel (D:7)
  2 orc sorcerers
  3 griffons
  3 hill giants
  A manticore (Lair:3)
  An ugly thing (D:11)
  A centaur zombie (D:12)
  3 black mambas
  7 elephants
  2 centaur skeletons
  A torpor snail (Lair:6)
  12 spiny frogs
  3 rime drakes
  6 komodo dragons
  6 trolls
  A two-headed ogre (D:8)
  2 polar bears
  Prince Ribbit (D:7)
  25 blink frogs
  3 redbacks (Lair:3)
  A vampire (D:11)
  2 wyverns (Lair:8)
  38 yaks
  A human (D:7)
  A basilisk (Lair:7)
  4 wraiths
  3 hungry ghosts
  6 wargs
  19 hippogriffs
  Menkaure (D:7)
  A swamp worm (Lair:8)
  13 water moccasins
  11 porcupines
  2 sky beasts (D:9)
  2 ice beasts
  7 orc warriors
  An eye of draining (D:11)
  A black bear (D:9)
  The ghost of Nukefarmer the Sneak, an amateur NaAs (D:3)
  2 necrophages
  A wasp (D:9)
  2 phantoms
  7 ogres
  9 wolves
  10 crocodiles
  4 centaurs
  31 sheep
  17 giant frogs
  A wyvern zombie (D:12)
  15 killer bees
  6 scorpions
  4 wights (D:10)
  2 electric eels (Lair:7)
  3 howler monkeys
  4 crimson imps
  2 quasits
  A giant frog zombie (D:5)
  4 orc priests
  4 hounds
  3 jellies
  A giant frog skeleton (D:6)
  11 orc wizards
  6 iguanas
  6 hell rats (Lair:4)
  6 worker ants
  A hound zombie (D:6)
  A hound skeleton (D:7)
  A worker ant zombie (D:10)
  6 gnolls
  57 river rats
  7 adders
  3 shadow imps
  An ooze (D:4)
  2 adder skeletons
  5 worms
  5 giant geckos
  30 orcs
  3 ball pythons
  5 giant cockroaches
  4 goblins
  3 hobgoblins
  9 jackals
  5 quokkas
  7 bats
  11 giant newts
  7 kobolds
  A quokka skeleton (D:4)
  7 rats
  A spectral orc (D:2)
566 creatures vanquished.

Vanquished Creatures (collateral kills)
  A spiny frog (Lair:4)
  A giant frog (Lair:4)
  A river rat (Lair:4)
3 creatures vanquished.

Vanquished Creatures (others)
  A slave (D:7)
  2 orc wizards
  2 sheep (D:7)
  An orc (D:7)
  37 fungi
  30 plants
73 creatures vanquished.

Grand Total: 642 creatures vanquished

Notes
Turn   | Place    | Note
--------------------------------------------------------------
     0 | D:1      | Kloppie the Merfolk Berserker began the quest for the Orb.
     0 | D:1      | Reached XP level 1. HP: 18/18 MP: 1/1
   106 | D:1      | Reached XP level 2. HP: 24/24 MP: 2/2
   228 | D:1      | Reached skill level 5 in Polearms
   349 | D:1      | Reached ** piety under Trog
   633 | D:2      | Reached XP level 3. HP: 30/30 MP: 3/3
   694 | D:2      | Found a basalt altar of Yredelemnul.
  1562 | D:3      | Reached skill level 6 in Polearms
  1562 | D:3      | Reached XP level 4. HP: 24/37 MP: 4/4
  1712 | D:3      | Reached *** piety under Trog
  2006 | D:3      | Noticed Nukefarmer's ghost (amateur NaAs)
  2020 | D:3      | Killed Nukefarmer's ghost
  2020 | D:3      | Reached skill level 5 in Fighting
  2020 | D:3      | Reached skill level 7 in Polearms
  2020 | D:3      | Reached XP level 5. HP: 44/44 MP: 5/5
  2549 | D:4      | Noticed an ogre
  2556 | D:4      | Killed an ogre
  2556 | D:4      | Reached XP level 6. HP: 52/52 MP: 6/6
  2711 | D:4      | Found a sacrificial altar of Ru.
  2712 | D:4      | Found a shattered altar of Ashenzari.
  2712 | D:4      | Found an ancient bone altar of Kikubaaqudgha.
  2714 | D:4      | Found an iron altar of Okawaru.
  2717 | D:4      | Found a blossoming altar of Fedhas.
  2717 | D:4      | Found a snail-covered altar of Cheibriados.
  2724 | D:4      | Reached skill level 8 in Polearms
  2728 | D:4      | Found a deep blue altar of Sif Muna.
  3003 | D:4      | Reached XP level 7. HP: 50/58 MP: 7/7
  3192 | D:5      | Entered Level 5 of the Dungeon
  3344 | D:5      | Reached skill level 9 in Polearms
  3559 | D:5      | Found a staircase to the Ecumenical Temple.
  4029 | D:5      | HP: 4/88 [orc wizard/magic dart (3)]
  4030 | D:5      | HP: 1/88 [orc wizard/magic dart (3)]
  4219 | D:6      | Reached skill level 10 in Polearms
  4219 | D:6      | Reached skill level 5 in Dodging
  4219 | D:6      | Reached XP level 8. HP: 62/65 MP: 8/8
  4348 | D:6      | Reached **** piety under Trog
  4605 | D:7      | Noticed Pikel
  4628 | D:7      | Killed Pikel
  4628 | D:7      | Reached skill level 11 in Polearms
  4674 | D:7      | Noticed Menkaure
  4683 | D:7      | Killed Menkaure
  4683 | D:7      | Reached skill level 12 in Polearms
  4683 | D:7      | Reached XP level 9. HP: 50/71 MP: 9/9
  4816 | D:7      | Noticed Prince Ribbit
  4828 | D:7      | Killed Prince Ribbit
  5125 | D:7      | Reached skill level 13 in Polearms
  5600 | D:8      | Noticed a two-headed ogre
  5605 | D:8      | Killed a two-headed ogre
  5957 | D:8      | Reached XP level 10. HP: 82/82 MP: 10/10
  6147 | D:8      | Reached skill level 14 in Polearms
  6393 | D:9      | Found a staircase to the Orcish Mines.
  6405 | D:9      | Received a gift from Trog
  6584 | D:9      | Reached skill level 15 in Polearms
  6587 | D:9      | Reached skill level 10 in Fighting
  6944 | D:9      | Reached XP level 11. HP: 75/92 MP: 11/11
  6974 | D:9      | Reached skill level 16 in Polearms
  7150 | D:10     | Entered Level 10 of the Dungeon
  7184 | D:10     | Found a staircase to the Lair.
  7382 | D:10     | Noticed a hill giant
  7388 | D:10     | Killed a hill giant
  7711 | D:10     | Found a glowing golden altar of the Shining One.
  7831 | D:10     | Reached skill level 10 in Dodging
  7854 | Lair:1   | Entered Level 1 of the Lair of Beasts
  7978 | Lair:1   | Reached skill level 1 in Shields
  8157 | Lair:1   | Got an encrusted ring mail
  8168 | Lair:1   | Identified the cursed +0 ring mail of the Fifty Gods {rF+ rCorr Dex+2} (You found it on level 1 of the Lair of Beasts)
  8238 | Lair:1   | Reached ***** piety under Trog
  9785 | Lair:2   | Reached XP level 12. HP: 101/101 MP: 12/12
 10189 | Lair:3   | Found a staircase to the Shoals.
 10329 | Lair:3   | Found a hole to the Spider Nest.
 11962 | Lair:4   | Noticed a seven-headed hydra
 12072 | Lair:3   | Noticed a four-headed hydra
 12219 | Lair:3   | Killed a four-headed hydra
 12494 | Lair:4   | Killed a seven-headed hydra
 13026 | Lair:5   | Reached XP level 13. HP: 62/111 MP: 13/13
 13227 | Lair:5   | Noticed Josephine
 13247 | Lair:5   | Killed Josephine
 14046 | Lair:6   | Found a staircase to the Slime Pits.
 14242 | Lair:6   | Reached skill level 5 in Armour
 14376 | Lair:6   | Received a gift from Trog
 17709 | D:11     | Reached skill level 15 in Fighting
 17924 | D:11     | Received a gift from Trog
 17958 | D:11     | Reached XP level 14. HP: 92/123 MP: 4/14
 18240 | D:12     | Noticed ayyllmao's ghost (journeyman HOBe)
 18764 | D:12     | Killed ayyllmao's ghost
 19325 | D:12     | Reached skill level 17 in Polearms
 19678 | Orc:1    | Entered Level 1 of the Orcish Mines
 19743 | Orc:1    | Reached skill level 15 in Dodging
 20198 | Orc:2    | Entered Level 2 of the Orcish Mines
 20245 | Orc:2    | Received a gift from Trog
 20589 | Lair:8   | Entered Level 8 of the Lair of Beasts
 21456 | Lair:7   | Reached skill level 18 in Polearms
 22377 | Lair:8   | Reached skill level 19 in Polearms
 23050 | Lair:8   | Slain by a death yak

Skill      XL: |  1  2  3  4  5  6  7  8  9 10 11 12 13 14 |
---------------+-------------------------------------------+-----
Polearms       | 5 6 7 8 10 12 13 15 16 19 | 19.7
Fighting       | 4 5 6 8 10 11 13 15 | 15.3
Dodging        | 5 8 9 12 14 15 | 15.6
Shields        | 4 |  4.0
Armour         | 3 6 |  6.8

Action                   |  1- 3 |  4- 6 |  7- 9 | 10-12 | 13-15 || total
-------------------------+-------+-------+-------+-------+-------++-------
Melee: Spear             |   158 |   156 |   459 |       |       ||   773
       Trident           |       |       |     8 |  1061 |  1542 ||  2611
       Tailslap          |       |       |       |     7 |     2 ||     9
Invok: Berserk           |     1 |     3 |     7 |    13 |    13 ||    37
       Trog's Hand       |       |     1 |     4 |    14 |    11 ||    30
       Brothers in Arms  |       |       |       |     1 |     1 ||     2
Evoke: Wand              |       |       |       |       |     1 ||     1
  Use: Scroll            |       |       |    14 |     9 |    15 ||    38
       Potion            |       |       |       |       |     3 ||     3
 Stab: Sleeping          |     2 |     1 |     2 |     8 |       ||    13
       Distracted        |       |       |       |     1 |       ||     1
       Petrified         |       |       |       |       |     5 ||     5
       Petrifying        |       |       |       |       |     2 ||     2
  Eat: Chunk             |     2 |     8 |    22 |    51 |    49 ||   132
Armor: Animal skin       |    24 |    10 |       |       |       ||    34
       Leather armour    |       |     5 |    50 |    47 |       ||   102
       Ring mail         |       |       |       |    33 |   191 ||   224
Dodge: Dodged            |    84 |    53 |   172 |   595 |   946 ||  1850
Block: Buckler           |       |       |       |   117 |   264 ||   381
